 Dungeon Crawl Stone Soup version 0.20.1-1-g8b1a95d (webtiles) character file.

107 Mesmaeker13 the Skirmisher (level 4, -8/37 HPs)
             Began as a Demonspawn Fighter on July 25, 2017.
             Killed by divine providence
             ... invoked by an orc priest
              (14 damage)
             ... on level 3 of the Dungeon.
             The game lasted 00:02:59 (1611 turns).

Mesmaeker13 the Skirmisher (Demonspawn Fighter)     Turns: 1611, Time: 00:03:00

Health: -8/37      AC: 14    Str: 18    XL:     4   Next: 57%
Magic:  4/4        EV:  4    Int:  9    God:
Gold:   87         SH:  9    Dex: 12    Spells: 3/3 levels left

rFire    . . .     SeeInvis .   a - +0 trident
rCold    + . .     Gourm    .   c - +0 shield
rNeg     . . .     Faith    .   n - +0 chain mail
rPois    .         Spirit   .   l - +2 hat
rElec    .         Reflect  .   (no cloak)
rCorr    .         Harm     .   e - +0 pair of gloves
MR       .....                  (no boots)
Stlth    ..........             (no amulet)
Regen    0.2/turn               (no ring)
MPRegen  0.1/turn               (no ring)

@: no status effects
A: thin metallic scales 1, cold resistance 1
a: no special abilities


You were on level 3 of the Dungeon.
You were hungry.

You visited 1 branch of the dungeon, and saw 3 of its levels.

You collected 87 gold pieces.

Inventory:

Hand Weapons
 a - a +0 trident (weapon)
Armour
 c - a +0 shield (worn)
 e - a +0 pair of gloves (worn)
 l - a +2 hat (worn)
 n - a +0 chain mail (worn)
Scrolls
 b - a scroll of remove curse
 k - a scroll of amnesia
 q - a scroll of fear {unknown}
Potions
 d - a potion of might
 h - a potion of magic {unknown}
 i - a potion of flight {unknown}
 j - a potion of lignification {unknown}
 m - a potion of mutation {unknown}
 o - 2 potions of curing
Comestibles
 f - 2 bread rations
 r - 2 fruits


   Skills:
 + Level 3.7 Fighting
 + Level 2.8 Polearms
 + Level 3.5 Armour
 - Level 3.0 Shields


You had 3 spell levels left.
You didn't know any spells.

Dungeon Overview and Level Annotations

Branches:
Dungeon (3/15)

Altars:
Ru
Uskayaw


Innate Abilities, Weirdness & Mutations

You are partially covered in thin metallic scales. (AC +2)
Your flesh is cold resistant. (rC+)


Message History

* * * LOW HITPOINT WARNING * * *
The orc completely misses you.
You are too injured to fight recklessly!
You are too injured to fight recklessly!
You are too injured to fight recklessly!
You barely miss the orc.
The orc is almost dead.
The orc hits you but does no damage.
The orc priest calls upon Beogh to heal the orc.
The orc's wounds heal themselves!
You block the orc's attack.
You hit the orc.
The orc is moderately wounded.
The orc priest calls upon Beogh to heal the orc.
The orc's wounds heal themselves!
The orc hits you but does no damage.
The leopard gecko hisses angrily.
You closely miss the orc. The orc hits you with a flail.
* * * LOW HITPOINT WARNING * * *
The orc priest mumbles some strange prayers to Beogh against you.
Beogh smites you!
You die...

..# #.# . #.# ..
##.# ..♣ # ..#
....
#.###.#.###.....
...l...oo.......
###.####o#####?
#@# #.# #.# ..#
#.# #.# #.# #.#


You could see an orc priest and 2 orcs.

Vanquished Creatures
  Jessica (D:2)
  3 adders (D:2)
  An ooze (D:2)
  A worm (D:2)
  A dart slug (D:1)
  A leopard gecko (D:2)
  2 orcs (D:3)
  4 goblins (D:1)
  4 hobgoblins
  3 jackals (D:1)
  2 ball pythons (D:2)
  5 bats
  4 frilled lizards
  6 kobolds
  10 rats
48 creatures vanquished.

Notes
Turn   | Place    | Note
-------+----------+-------------------------------------------
     0 | D:1      | Mesmaeker13 the Demonspawn Fighter began the quest for the Orb.
     0 | D:1      | Reached XP level 1. HP: 18/18 MP: 1/1
    69 | D:1      | Gained mutation: Your flesh is cold resistant. (rC+) [demonic ancestry]
    69 | D:1      | Reached XP level 2. HP: 8/24 MP: 2/2
   675 | D:2      | Gained mutation: You are partially covered in thin metallic scales. (AC +2) [demonic ancestry]
   675 | D:2      | Reached XP level 3. HP: 29/29 MP: 3/3
   830 | D:2      | Noticed Jessica
   834 | D:2      | Killed Jessica
   834 | D:2      | Reached XP level 4. HP: 21/35 MP: 4/4
  1035 | D:2      | Found a hide-covered altar of Uskayaw.
  1192 | D:2      | Found a sacrificial altar of Ru.
  1611 | D:3      | Killed from afar by an orc priest

Skill      XL: |  1  2  3 |
---------------+----------+-----
Polearms       | 2 |  2.8
Armour         | 3 |  3.5
Shields        | 3 |  3.0
Fighting       | |  3.7

Action                   |  1- 3 |  4- 6 || total
-------------------------+-------+-------++-------
Melee: Trident           |   129 |    65 ||   194
  Use: Scroll            |     4 |     1 ||     5
  Eat: Chunk             |       |     2 ||     2
Armor: Scale mail        |    40 |       ||    40
       Chain mail        |    15 |    28 ||    43
Dodge: Dodged            |    26 |    10 ||    36
Block: Shield            |    43 |    22 ||    65
